AoeStats
← NF I Odysseo

Black Forest

510935386Analyzed
4v4 RM · 10h ago on Oct 3, 2026· 43m 41s· 8 players
Game mode
Random Map
Map size
Large (8 player)
Population
200
Speed
Normal
Resources
Standard
Victory
Conquest
Starting age
Dark Age
Ending age
Imperial Age
RankedLock teamsTeams togetherTeam positionsShared explorationLock speedFull tech treeHidden civsTurbo modeCheats
Victory
Defeat
🇮🇹 Poles · Italy
1501
+10
🇹🇼 Varangians · Taiwan
1484
+11
🇭🇰 Mongols · Hong Kong SAR China
1441
+12
🇹🇼 Danes · Taiwan
1421
+13
🇲🇽 Cumans · Mexico
1427
-13
🇲🇽 Malians · Mexico
1410
-13
🇲🇽 Varangians · Mexico
1387
-13
🇲🇽 Bulgarians · Mexico
1228
-7
你朋友
9:30 Feudal Age
9:33 Man-at-Arms
10:18 Double-Bit Axe
10:20 Loom
12:51 Fletching
18:54 Wheelbarrow
20:43 Padded Archer Armor
24:46 Castle Age
22:29 Horse Collar
25:40 Bodkin Arrow
25:06 Crossbowman
26:00 Bow Saw
26:46 Town Watch
29:19 Ballistics
31:35 Leather Archer Armor
37:51 Imperial Age
36:34 Hand Cart
37:31 Thumb Ring
38:35 Heavy Plow
39:45 Bloodlines
39:35 Husbandry
40:39 Bracer
42:27 Chemistry
Marchantia
11:19 Feudal Age
12:46 Double-Bit Axe
12:45 Horse Collar
15:33 Castle Age
18:02 Wheelbarrow
18:00 Heavy Plow
18:55 Loom
19:46 Gold Mining
20:52 Stone Mining
24:52 Hand Cart
29:51 Imperial Age
27:12 Pikeman
27:53 Squires
27:39 Arson
28:17 Scale Mail Armor
28:28 Forging
28:41 Hamask
29:29 Gambesons
30:02 Chain Mail Armor
29:59 Halberdier
30:47 Siege Engineers
31:43 Chemistry
31:09 Conscription
31:03 Onager
32:17 Elite Varangian Guard
33:41 Plate Mail Armor
33:22 Siege Onager
34:08 Northmen's Fury
Nogard
0:44 Loom
10:53 Feudal Age
15:00 Castle Age
12:55 Double-Bit Axe
13:45 Horse Collar
16:53 Bow Saw
17:22 Heavy Plow
20:51 Wheelbarrow
20:50 Stone Mining
21:10 Gold Mining
22:12 Hand Cart
23:13 Stone Shaft Mining
25:06 Bloodlines
24:56 Husbandry
25:10 Forging
25:06 Scale Barding Armor
26:56 Iron Casting
26:52 Town Watch
27:36 Chain Barding Armor
30:22 Imperial Age
27:53 Town Patrol
29:47 Szlachta Privileges
30:07 Light Cavalry
32:21 Blast Furnace
31:53 Conscription
30:57 Cavalier
33:47 Scale Mail Armor
33:53 Winged Hussar
34:55 Conscription
35:42 Lechitic Legacy
35:57 Crop Rotation
41:30 Chain Mail Armor
41:37 Caravan
43:13 Coinage
42:04 Pikeman
騷護士
1:26 Loom
11:43 Feudal Age
16:23 Castle Age
16:03 Double-Bit Axe
21:25 Wheelbarrow
22:19 Bloodlines
23:44 Husbandry
25:12 Horse Collar
26:34 Gold Mining
28:37 Scale Barding Armor
28:59 Bow Saw
29:32 Forging
29:34 Stone Mining
34:50 Chain Barding Armor
37:27 Imperial Age
36:33 Iron Casting
36:52 Stone Shaft Mining
36:28 Heavy Plow
37:13 Vendel Legacy
39:04 Plate Barding Armor
37:52 Cavalier
41:19 Blast Furnace
NF I Odysseo
2:52 Loom
13:05 Feudal Age
14:07 Double-Bit Axe
20:23 Castle Age
18:56 Forging
18:53 Scale Barding Armor
21:13 Squires
20:36 Elite Skirmisher
27:10 Gambesons
27:38 Horse Collar
28:39 Wheelbarrow
28:39 Fletching
30:34 Stone Mining
30:37 Gold Mining
31:45 Pikeman
34:02 Gold Shaft Mining
34:02 Stone Shaft Mining
35:05 Thumb Ring
36:18 Iron Casting
35:44 Padded Archer Armor
35:40 Bodkin Arrow
36:07 Chain Barding Armor
35:47 Scale Mail Armor
37:18 Bow Saw
37:54 Leather Archer Armor
37:39 Stirrups
40:51 Imperial Age
38:37 Hand Cart
41:13 Halberdier
43:23 Conscription
DLM15
1:16 Loom
11:27 Feudal Age
15:22 Castle Age
14:01 Double-Bit Axe
17:00 Bow Saw
16:46 Horse Collar
18:09 Heavy Plow
23:56 Wheelbarrow
25:01 Town Watch
28:50 Imperial Age
27:20 Hand Cart
27:58 Gold Mining
29:19 Scale Barding Armor
29:24 Forging
30:40 Chemistry
29:51 Masonry
30:35 Gold Shaft Mining
29:50 Stone Mining
30:56 Chain Barding Armor
31:11 Iron Casting
30:44 Farimba
30:37 Heavy Camel Rider
31:46 Bloodlines
32:23 Plate Barding Armor
32:25 Husbandry
33:28 Fletching
33:18 Light Cavalry
34:10 Bodkin Arrow
35:07 Hoardings
35:12 Architecture
El Cacas Vengador
2:09 Loom
10:35 Feudal Age
11:03 Man-at-Arms
20:21 Double-Bit Axe
20:18 Horse Collar
26:28 Castle Age
25:55 Forging
25:48 Gold Mining
27:20 Scale Barding Armor
27:33 Bow Saw
27:24 Heavy Plow
28:10 Iron Casting
27:23 Elite Skirmisher
27:55 Fletching
28:25 Padded Archer Armor
28:29 Bodkin Arrow
30:41 Bloodlines
34:33 Gold Shaft Mining
37:38 Imperial Age
34:49 Light Cavalry
36:09 Chain Barding Armor
37:37 Iron Casting
37:50 Hussar
FERGA LARGA
7:13 Loom
9:32 Feudal Age
10:12 Double-Bit Axe
10:18 Man-at-Arms
14:45 Bloodlines
14:59 Horse Collar
17:05 Scale Barding Armor
30:05 Castle Age
Connection lost

Rejoining the realm…

Still unreachable

The connection could not be restored.

Session expired

The server has moved on; the page needs a fresh start.